 Dungeon Crawl Stone Soup version 0.31.0-32-g396128a36d (webtiles) character file.

Game seed: 12523303259503332249

5448 Peloso the Carver (level 10, -11/90 HPs)
             Began as a Minotaur Fighter on Apr 6, 2024.
             Was a Priest of Okawaru.
             Killed from afar by Erica (30 damage)
             ... with a bolt of poison
             ... on level 8 of the Dungeon.
             The game lasted 00:14:14 (7239 turns).

Peloso the Carver (Minotaur Fighter)                Turns: 7239, Time: 00:14:17

Health: -11/90     AC: 17    Str: 22    XL:     10   Next: 41%
Magic:  9/9        EV:  5    Int:  5    God:    Okawaru [***...]
Gold:   118        SH:  6    Dex: 19    Spells: 9/9 levels left

rFire   + . .        a - +0 scimitar
rCold   x . .        d - +0 buckler
rNeg    . . .        c - +0 plate armour
rPois   .            p - +1 hat
rElec   .            o - +1 cloak
rCorr   .            (no gloves)
SInv    .            (no boots)
Will    .....        (no amulet) Stlth
                     g - +6 ring of dexterity
HPRegen 0.35/turn    E - ring of fire
MPRegen 0.11/turn

%: no passive effects
@: mighty, lethally poisoned (-11 -> -46), slowed, constricted, very slow
A: horns 2, retaliatory headbutt
a: Renounce Religion, Heroism


You were on level 8 of the Dungeon.
You worshipped Okawaru.
Okawaru was most pleased with you.
You visited 1 branch of the dungeon, and saw 8 of its levels.
You also visited: Ossuary.

You collected 198 gold pieces.
You spent 80 gold pieces at shops.

Inventory:

Hand Weapons
 a - a +0 scimitar (weapon)
Missiles
 h - a throwing net (quivered)
Armour
 b - a +0 scale mail
 c - a +0 plate armour (worn)
 d - a +0 buckler (worn)
 o - a +1 cloak (worn)
 p - a +1 hat (worn)
 x - +0 swamp dragon scales
Jewellery
 g - a +6 ring of dexterity (left hand)
 t - a ring of see invisible
 E - a ring of fire (right hand)
Talismans
 y - a serpent talisman
Wands
 D - a wand of roots (17)
Scrolls
 f - a scroll of amnesia
 i - a scroll of immolation
 k - a scroll of enchant weapon {unknown}
 m - a scroll of fear
 n - a scroll of enchant armour {unknown}
 s - a scroll of noise
 z - a scroll of blinking {unknown}
 C - 3 scrolls of vulnerability
Potions
 l - 3 potions of curing
 q - a potion of resistance {unknown}
 r - 5 potions of enlightenment {unknown}
 u - 3 potions of haste {unknown}
 v - 2 potions of mutation
 w - a potion of ambrosia {unknown}
 A - a potion of cancellation
 B - 2 potions of lignification {unknown}
 F - a potion of degeneration {unknown}


   Skills:
 + Level 8.6 Fighting
 + Level 12.8 Long Blades
 + Level 9.5 Armour
 + Level 2.5 Dodging
 + Level 0.2 Stealth
 + Level 7.2 Shields


You had 9 spell levels left.
You didn't know any spells.
Your spell library contained the following spells:

 Spells                   Type           Power      Damage    Failure   Level
 Static Discharge         Conj/Air       0%         3-3/arc   100%        2
 Dazzling Flash           Conj/Hex       0%         N/A       100%        3
 Volatile Blastmotes      Fire/Tloc      0%         2d10      100%        3
 Airstrike                Air            0%         2d(0-16)  100%        4
 Borgnjor's Vile Clutch   Necr/Erth      0%         N/A       100%        5
 Starburst                Conj/Fire      0%         6d3       100%        6
 Maxwell's Capacitive Co  Air            0%         ∞         100%        8
 Animate Dead             Necr           Unusable   N/A       N/A         4
 Summon Lightning Spire   Summ/Air       Unusable   N/A       N/A         4
 Death Channel            Necr           Unusable   N/A       N/A         6

Dungeon Overview and Level Annotations

Branches:
Dungeon (8/15)            Ossuary (visited)
 Temple: D:4-7         Lair: D:8-11

Altars:
Ashenzari
Dithmenos
Gozag
Nemelex Xobeh
Okawaru
Ru
Trog
Vehumet
Yredelemnul
Zin

Shops:
D:5 [([!

Annotations:
D:3 exclusion: statue
D:6 Jeremiah
D:7 2 transporters, Pascal76's ghost, novice MiFi
D:8 Erica


Innate Abilities, Weirdness & Mutations

You have a pair of horns on your head.
You reflexively headbutt those who attack you in melee.


Message History

l - 3 potions of curing You feel yourself slow down.
Unknown command.
Something hits you but does no damage. Something grabs you.
You are constricted.
You escape Erica's grasp.
You miss something. Something hits you but does no damage.
You block something's attack.
You miss something. Something hits you. Something grabs you.
You are constricted.
Something hits you.
You are constricted.
You barely miss something. You headbutt something! Something hits you.
You are constricted.
You fail to use your ability.
Something hits you!! Something burns you.
You are constricted.
You miss something. Your headbutt misses something.
You hear some strange, mumbled words.
A bolt of poison appears from out of thin air!
The bolt of poison misses you.
You are constricted.
You slash something! You block something's attack.
You are constricted.
Something hits you. Something burns you.
You are constricted.
You feel very mighty all of a sudden. You block something's attack.
You are constricted.
You slash something! You block something's attack.
You are constricted.
You barely miss something.
Erica appears from thin air!
Reactivating autopickup.
Erica barely misses you. You furiously retaliate!
You headbutt Erica! Erica constricts you. Erica casts a spell at you.
The bolt of poison hits you!!
You are poisoned.
* * * LOW HITPOINT WARNING * * *
Erica constricts you.
You feel much better.
* * * LOW HITPOINT WARNING * * *
You feel extremely sick. Erica casts a spell at you.
The bolt of poison hits you!!
You are lethally poisoned!
You die...
Erica begins burbling mirthfully and uncontrollably.

#......#.....)..###
#.......[#.#.####
###...##.#...####
##......#..##....#
##..####..#.##.##.###
#..## ##.#..#.##.#..
#.## #.##......#..
#.#### #.####.#...[.
#..x@# #..# #.#.##>.
####.# ##.###.#..#..
#.####....#.##....
#...##....#..#....
#######.##............
#.............)#.#....
#..............#.#.#..
#............)).......
#.......##....)..#...#


You could see Erica.

Vanquished Creatures
  Gastronok (D:8)
  Maggie (D:6)
  Grinder (D:3)
  3 yaks (D:8)
  2 wyverns (D:7)
  Duvessa (D:5)
  3 water moccasins
  An orc warrior (D:7)
  A sky beast (D:7)
  3 black bears
  An ogre (D:5)
  3 phantoms
  A kobold brigand (D:8)
  An elf zombie (Ossuary)
  2 bullfrogs
  5 scorpions
  Blork the orc (D:5)
  2 gnoll sergeants (D:7)
  5 wights
  Dowan (D:5)
  3 jellies
  Crazy Yiuf (D:3)
  4 orc priests (D:7)
  3 human zombies (Ossuary)
  2 sleepcaps
  A centaur zombie (Ossuary)
  Jessica (D:2)
  An iguana (D:7)
  4 orc wizards
  Natasha (thrice) (D:3)
  4 hound zombies (Ossuary)
  2 mummies (Ossuary)
  7 gnolls
  3 adders (D:2)
  A white imp (D:7)
  4 ufetubi (D:5)
  5 adder zombies (Ossuary)
  A dart slug (D:2)
  A ribbon worm (D:3)
  22 orcs
  7 endoplasms
  4 giant cockroaches
  6 gnoll zombies (Ossuary)
  6 goblins
  8 hobgoblins
  16 jackals
  15 kobolds
  6 quokkas
  8 ball pythons
  8 bats
  7 frilled lizards
  6 jackal zombies (Ossuary)
  7 kobold zombies (Ossuary)
  4 orc zombies (Ossuary)
  8 rats
228 creatures vanquished.

Vanquished Creatures (others)
  An arcanist (D:7)
1 creature vanquished.

Grand Total: 229 creatures vanquished

Notes
Turn   | Place    | Note
-------+----------+-------------------------------------------
     0 | D:1      | Peloso the Minotaur Fighter began the quest for the Orb.
     0 | D:1      | Reached XP level 1. HP: 19/19 MP: 0/0
   135 | D:1      | Reached XP level 2. HP: 19/27 MP: 1/1
   293 | D:1      | Reached XP level 3. HP: 33/33 MP: 2/2
   709 | D:2      | Reached XP level 4. HP: 41/41 MP: 3/3
   941 | D:2      | Reached skill level 3 in Long Blades
   955 | D:2      | Noticed Jessica
   963 | D:2      | Killed Jessica
   978 | D:2      | Reached skill level 1 in Dodging
  1305 | D:2      | Reached XP level 5. HP: 47/47 MP: 4/4
  1449 | D:3      | Noticed Natasha
  1453 | D:3      | Killed Natasha
  1454 | D:3      | Reached skill level 4 in Long Blades
  1521 | D:3      | Noticed Natasha
  1526 | D:3      | Killed Natasha
  1566 | D:3      | Found a radiant altar of Vehumet.
  1566 | D:3      | Noticed a charred statue
  1825 | D:3      | Noticed Grinder
  1834 | D:3      | Paralysed by Grinder for 2 turns
  1841 | D:3      | Paralysed by Grinder for 3 turns
  1850 | D:3      | Killed Grinder
  1851 | D:3      | Reached skill level 5 in Fighting
  1851 | D:3      | Reached skill level 5 in Long Blades
  1851 | D:3      | Reached skill level 5 in Armour
  1851 | D:3      | Reached XP level 6. HP: 36/56 MP: 5/5
  2079 | D:3      | Found a runed translucent door.
  2080 | D:3      | Noticed Crazy Yiuf
  2095 | D:3      | Noticed Natasha
  2100 | D:3      | Killed Natasha
  2261 | D:3      | Found a shadowy altar of Dithmenos.
  2588 | D:3      | Killed Crazy Yiuf
  2718 | D:4      | Reached XP level 7. HP: 38/61 MP: 6/6
  2905 | D:4      | Reached skill level 6 in Long Blades
  3013 | D:4      | Reached skill level 5 in Shields
  3485 | D:5      | Entered Level 5 of the Dungeon
  3573 | D:5      | Found Onuh's Armour Boutique.
  3620 | D:5      | Reached skill level 7 in Long Blades
  3716 | D:5      | Noticed Blork the orc
  3726 | D:5      | Killed Blork the orc
  3793 | D:5      | Found Uhajosa's Distillery.
  3807 | D:5      | Reached XP level 8. HP: 42/70 MP: 7/7
  3899 | D:5      | Bought a potion of mutation for 80 gold pieces
  3998 | D:5      | Found a sparkling altar of Nemelex Xobeh.
  4035 | D:5      | Identified the +6 bardiche "Grom" {spect, rPois Will+ MP-9
                  | Int+3}
  4063 | D:5      | Noticed Duvessa
  4063 | D:5      | Noticed Dowan
  4081 | D:5      | Killed Duvessa
  4082 | D:5      | Reached skill level 8 in Long Blades
  4094 | D:5      | Killed Dowan
  4120 | D:5      | Found Haeq's Weapon Shop.
  4124 | D:5      | Found Xoenec's Armour Shoppe.
  4310 | D:6      | Found an iron altar of Okawaru.
  4315 | D:6      | Noticed Maggie
  4336 | D:6      | Killed Maggie
  4337 | D:6      | Reached skill level 9 in Long Blades
  4346 | D:6      | Became a worshipper of Warmaster Okawaru
  4497 | D:6      | Noticed Jeremiah
  4633 | D:7      | Found a transporter.
  4633 | D:7      | Found a transporter.
  4636 | D:7      | Found a sand-covered staircase.
  4645 | D:7      | Noticed a moth of wrath
  4649 | D:7      | Found a bloodstained altar of Trog.
  4742 | D:7      | Noticed Pascal76's ghost (novice MiFi)
  4764 | Ossuary  | Entered an ossuary
  5020 | Ossuary  | Reached XP level 9. HP: 78/79 MP: 8/8
  5163 | D:7      | Reached skill level 10 in Long Blades
  5192 | D:7      | Reached * piety under Okawaru
  5512 | D:7      | Found an opulent altar of Gozag.
  5512 | D:7      | Found a sacrificial altar of Ru.
  5512 | D:7      | Found a basalt altar of Yredelemnul.
  5577 | D:7      | Reached skill level 11 in Long Blades
  5798 | D:7      | Found a bloodstained altar of Trog.
  5799 | D:7      | Noticed a wizard
  5804 | D:7      | Killed a wizard
  5837 | D:7      | Found a glowing silver altar of Zin.
  5837 | D:7      | Found a broken altar of Ashenzari.
  6241 | D:8      | Reached ** piety under Okawaru
  6657 | D:8      | Reached skill level 12 in Long Blades
  6657 | D:8      | Reached XP level 10. HP: 77/77 MP: 9/9
  6727 | D:8      | Noticed Gastronok
  6771 | D:8      | Killed Gastronok
  6771 | D:8      | Reached *** piety under Okawaru
  6957 | D:8      | Noticed Erica
  7239 | D:8      | Killed from afar by Erica

Illustrated notes

Levels and vault maps discovered:
D:1:      heliophobic_arrival_ceremonial_halls, layout_rooms,
          minmay_small_reverse_x
D:2:      layout_loops_ring, kennysheep_jessica_study
D:3:      layout_loops_corners, nicolae_overflow_hidden_temple, vehumet_statue,
          minmay_misc_feat_chi, uniq_natasha, uniq_grinder,
          uniq_crazy_yiuf_cottage
D:4:      layout_loops_cross, grunt_ministairs_2, nicolae_figureground_sparkle
D:5:      layout_basic, amcnicky_altar_gilded, serial_shops,
          nicolae_shop_tiny_real_fake_doors, nicolae_shop_rolling_square, shop,
          nicolae_shop_trees, uniq_duvessa, uniq_blork_the_orc
D:6:      layout_loops_cross, general_overflow_altar,
          nicolae_hepliaklqana_hippocampus, okawaru_gym_becter, temple_green,
          kennysheep_generic_room_8, uniq_maggie, uniq_jeremiah
D:7:      layout_cave_pools, trog_wizard, gammafunk_temple_overflow_claw,
          gammafunk_temple_overflow_statue, enter_ossuary_1,
          gammafunk_ghost_wrathful_warriors, minmay_fractal_squares_5
D:8:      layout_rooms, led_sif_book, uniq_erica, uniq_gastronok

Skill      XL: |  1  2  3  4  5  6  7  8  9 10 |
---------------+-------------------------------+-----
Shields        | 4 5 6 7 |  7.2
Armour         | 4 5 6 7 8 9 |  9.5
Fighting       | 4 5 6 7 8 |  8.6
Long Blades    | 3 5 7 9 12 | 12.8
Dodging        | 1 2 |  2.5
Stealth        | |  0.2

Action                     |  1- 3 |  4- 6 |  7- 9 | 10-12 || total
---------------------------+-------+-------+-------+-------++-------
  Melee: Long sword        |    88 |   125 |    87 |       ||   300
         Headbutt          |    10 |    16 |    80 |    14 ||   120
         Scimitar          |       |       |   321 |    50 ||   371
 Invoke: Heroism           |       |       |       |     1 ||     1
  Evoke: Wand              |       |       |       |     2 ||     2
    Use: Scroll            |     1 |     2 |     4 |     2 ||     9
         Potion            |     1 |       |     1 |     4 ||     6
 Armour: Scale mail        |    67 |       |       |       ||    67
         Plate armour      |       |   114 |   351 |    56 ||   521
  Dodge: Dodged            |    50 |    33 |   106 |    12 ||   201
  Block: Buckler           |    29 |    38 |   123 |    14 ||   204
